 Dungeon Crawl Stone Soup version 0.31-a0-986-g5e6e4ef867 (webtiles) character file.

Game seed: 2685358472503441571

58 Newt the Trooper (level 3, -2/33 HPs)
             Began as a Draconian Fighter on Nov 13, 2023.
             Slain by a gnoll
             ... wielding a +0 halberd
              (3 damage)
             ... on level 2 of the Dungeon.
             The game lasted 00:01:42 (1005 turns).

Newt the Trooper (Draconian Fighter)                Turns: 1005, Time: 00:01:43

Health: -2/33      AC:  5    Str: 20    XL:     3   Next: 76%
Magic:  3/3        EV: 12    Int:  8    God:
Gold:   92         SH:  4    Dex: 10    Spells: 2/2 levels left

rFire   . . .        a - +0 long sword
rCold   . . .        b - +0 buckler
rNeg    . . .        (body armour unavailable)
rPois   .            (helmet restricted)
rElec   .            (no cloak)
rCorr   .            (no gloves)
SInv    .            (no boots)
Will    +....        (no amulet)
Stlth   +            (no ring)
HPRegen 0.25/turn    (no ring)
MPRegen 0.08/turn

%: no passive effects
@: mighty, enlightened, flying, invisible
A: AC +5, unfitting armour, cold-blooded
a: no special abilities


You were on level 2 of the Dungeon.
You visited 1 branch of the dungeon, and saw 2 of its levels.

You collected 92 gold pieces.

Inventory:

Hand Weapons
 a - a +0 long sword (weapon)
Armour
 b - a +0 buckler (worn)
Potions
 e - a potion of invisibility


   Skills:
 - Level 4.0 Fighting
 + Level 3.6 Long Blades
 - Level 2.6 Dodging
 - Level 3.0 Shields


You had 2 spell levels left.
You didn't know any spells.
Your spell library was empty.

Dungeon Overview and Level Annotations

Branches:
Dungeon (2/15)

Altars:

Shops:
D:1 =


Innate Abilities, Weirdness & Mutations

Your plain brown scales are hard. (AC +5)
You cannot fit into any form of body armour.
You are cold-blooded and may be slowed by cold attacks.


Message History

The gnoll closely misses you. The gnoll barely misses you.
You barely miss the gnoll.
Your tail-slap misses the gnoll.
The gnoll is severely wounded.
The gnoll hits you with a +0 club. The gnoll closely misses you.
You hit the gnoll.
You kill the gnoll!
The gnoll closely misses you. The gnoll attacks as it pursues you!
The gnoll hits you from afar with a +0 halberd!
The gnoll attacks as it pursues you!
The gnoll hits you from afar with a +0 halberd.
The gnoll attacks as it pursues you! The gnoll barely misses you.
The gnoll attacks as it pursues you!
The gnoll hits you from afar with a +0 halberd.
* * * LOW HITPOINT WARNING * * *
The gnoll attacks as it pursues you!
The gnoll hits you from afar with a +0 halberd.
* * * LOW HITPOINT WARNING * * *
The gnoll attacks as it pursues you! The gnoll closely misses you.
You feel very mighty all of a sudden.
You aren't carrying any scrolls.
You block the gnoll's attack.
You barely miss the gnoll.
The gnoll is lightly wounded.
The gnoll misses you. You block the gnoll's attack.
You barely miss the gnoll.
Your tail-slap misses the gnoll.
The gnoll is lightly wounded.
The gnoll hits you with a +0 halberd!
* * * LOW HITPOINT WARNING * * *
You closely miss the gnoll.
The gnoll is lightly wounded.
You block the gnoll's attack.
It was a potion of invisibility.
You fade into invisibility!
The gnoll misses you.
The kobold throws a stone.
The stone closely misses the gnoll.
The stone barely misses you.
It was a potion of enlightenment.
You feel very buoyant.
You fly up into the air.
The gnoll hits you with a +0 halberd.
You die...

##
##...##########
........@gKggg#
.......######.#
....... #.#
....... #.#
#.....#######K###
.....##.gKg.....#
##.##
#g##....#.#####
#.
#.##.##....##.##
#.##.##........#


You could see 3 gnolls, a hobgoblin (unable to see you) and a kobold (unable to
see you).

Vanquished Creatures
  A gnoll (D:2)
  2 dart slugs (D:2)
  2 bats (D:1)
  4 endoplasms (D:1)
  3 giant cockroaches (D:1)
  7 goblins
  6 hobgoblins
  A quokka (D:1)
  5 ball pythons
  2 frilled lizards
  3 kobolds (D:1)
  5 rats
41 creatures vanquished.

Notes
Turn   | Place    | Note
-------+----------+-------------------------------------------
     0 | D:1      | Newt the Draconian Fighter began the quest for the Orb.
     0 | D:1      | Reached XP level 1. HP: 19/19 MP: 1/1
    63 | D:1      | Reached XP level 2. HP: 27/27 MP: 2/2
   100 | D:1      | Reached skill level 4 in Fighting
   433 | D:1      | Found a faded altar of an unknown god.
   457 | D:1      | Reached XP level 3. HP: 29/33 MP: 3/3
   619 | D:1      | Found Woxes's Jewellery Shoppe.
  1002 | D:2      | HP: 1/33 [gnoll/+0 halberd (9)]
  1005 | D:2      | Slain by a gnoll

Illustrated notes

Levels and vault maps discovered:
D:1:      amcnicky_arrival_wind_blow, layout_rooms, serial_shops,
          nicolae_shop_gaudy_bauble, basic_ecumenical_altar
D:2:      layout_loops_ring, serial_shops, shop

Skill      XL: |  1  2  3 |
---------------+----------+-----
Fighting       | 4 |  4.0
Long Blades    | 3 |  3.6
Dodging        | |  2.6
Shields        | |  3.0

Action                     || total
---------------------------++-------
  Melee: Long sword        ||   124
         Tailslap          ||     7
    Use: Potion            ||     3
         Scroll            ||     2
 Armour: Skin              ||    81
  Dodge: Dodged            ||    96
  Block: Buckler           ||    29

Table legend: (Time is in decaauts)
 A = Elapsed time spent in this place.
 B = Non-inter-level travel time spent in this place.
 C = Inter-level travel time spent in this place.
 D = Time resting spent in this place.
 E = Time spent auto-exploring this place.
 F = Levels seen in this place.
 G = Mean time per level.
                   A        B        C        D        E       F      G
               +--------+--------+--------+--------+--------+-----+--------+
         Total |   1047 |   1018 |     29 |      0 |    720 |   2 |  523.5 |
       Dungeon |   1047 |   1018 |     29 |      0 |    720 |   2 |  523.5 |
               +--------+--------+--------+--------+--------+-----+--------+

Top non-repeatable levels by time:
     D:1: 779 daAuts
     D:2: 268 daAuts
